 Dungeon Crawl Stone Soup version 0.28-b1-25-g9875b3fc8c (webtiles) character file.

Game seed: 7611742666613182115

808 crazypyro the Cutter (level 7, -2/57 HPs)
             Began as a Demonspawn Fighter on Jan 31, 2022.
             Was a Priest of Vehumet.
             Succumbed to a gnoll's poison
             ... on level 5 of the Dungeon.
             The game lasted 00:07:57 (3725 turns).

crazypyro the Cutter (Demonspawn Fighter)           Turns: 3725, Time: 00:07:58

Health: -2/57      AC:  8    Str: 18    XL:     7   Next: 60%
Magic:  12/12      EV:  9    Int: 10    God:    Vehumet [***...]
Gold:   211        SH:  4    Dex: 12    Spells: 10/13 levels left

rFire   + . .      SeeInvis .   e - +7 quick blade
rCold   + + .      Faith    .   c - +0 buckler
rNeg    . . .      Spirit   .   b - +0 scale mail
rPois   +          Reflect  .   (helmet restricted)
rElec   +          Harm     .   o - scarf {rC+ rF+}
rCorr   .          Rampage  .   (no gloves)
Will    .....                   (no boots)
Stlth   ..........              (no amulet)
HPRegen 0.19/turn               f - ring of poison resistance
MPRegen 0.13/turn               j - ring of protection from cold

@: lethally poisoned (-2 -> -21), flying
A: horns 2, molten scales 1, foul stench 1, demonic magic 1, robust 1,
electricity resistance
a: Renounce Religion


You were on level 5 of the Dungeon.
You worshipped Vehumet.
Vehumet was most pleased with you.
You visited 1 branch of the dungeon, and saw 5 of its levels.

You collected 233 gold pieces.
You spent 22 gold pieces at shops.

Inventory:

Hand Weapons
 a - a +0 war axe
 e - a +7 quick blade (weapon)
 l - the +3 dagger "Bydad" {venom, rPois Str+4}
   (You found it on level 2 of the Dungeon)

   It poisons the flesh of those it strikes.
   Str:       It affects your strength (+4).
   rPois:     It protects you from poison.
Armour
 b - a +0 scale mail (worn)
 c - a +0 buckler (worn)
 o - a scarf of resistance (worn)
 y - a +0 plate armour
 B - a +0 cloak of stealth
Jewellery
 f - a ring of poison resistance (left hand)
 j - a ring of protection from cold (right hand)
 u - a ring of magical power
Wands
 r - a wand of flame (23)
 t - a wand of iceblast (13)
Scrolls
 g - 5 scrolls of noise
 h - a scroll of identify
 i - 6 scrolls of teleportation {unknown}
 n - a scroll of magic mapping {unknown}
 q - a scroll of silence {unknown}
 s - a scroll of enchant weapon {unknown}
 x - a scroll of vulnerability {unknown}
 A - a scroll of brand weapon {unknown}
Potions
 d - a potion of might
 k - a potion of flight
 m - a potion of mutation
 p - a potion of lignification {unknown}
 v - a potion of heal wounds {unknown}
 w - a potion of attraction {unknown}
 z - a potion of brilliance {unknown}
 C - a potion of resistance {unknown}


   Skills:
 - Level 3.0 Fighting
 * Level 5.6 Short Blades
 - Level 2.0 Axes
 - Level 2.6 Armour
 - Level 1.3 Dodging
 + Level 3.2 Shields
 + Level 3.5 Spellcasting
 + Level 1.6 Conjurations
 + Level 1.4 Earth Magic


You had 10 spell levels left.
You knew the following spells:

 Your Spells              Type           Power      Damage    Failure   Level
a - Stone Arrow           Conj/Erth      8%         3d7       41%         3

Your spell library contained the following spells:

 Spells                   Type           Power      Damage    Failure   Level
 Frozen Ramparts          Ice            2%         1d2       61%         3
 Sandblast                Erth           8%         2d5       17%         1
 Passwall                 Tmut/Erth      2%         N/A       78%         2
 Gell's Gravitas          Tloc           1%         N/A       98%         3
 Teleport Other           Tloc           1%         N/A       98%         3
 Dispersal                Tloc           0%         N/A       100%        6


Dungeon Overview and Level Annotations

Branches:
Dungeon (5/15)             Temple (0/1) D:4

Altars:
Dithmenos
Gozag
Vehumet

Shops:
D:1 (?(??


Innate Abilities, Weirdness & Mutations

You have a pair of horns on your head.
You are partially covered in molten scales. (AC +2)
You may rarely emit foul miasma when damaged in melee.
Spells you cast may paralyse adjacent enemies.
You are robust. (+10% HP)
You are resistant to electric shocks. (rElec)


Message History

The water moccasin is heavily wounded.
The water moccasin bites you!
You are poisoned.
The water moccasin poisons you!
You feel very sick.
You feel very sick. The water moccasin bites you.
You feel sick.
You feel sick. You block the water moccasin's attack.
The water moccasin bites you.
You are lethally poisoned!
The water moccasin poisons you!
You emit a cloud of foul miasma!
You feel very sick.
The water moccasin is engulfed in dark miasma.
The water moccasin is poisoned.
The water moccasin seems to slow down.
* * * LOW HITPOINT WARNING * * *
You feel very sick.
* * * LOW HITPOINT WARNING * * *
You feel very sick.
* * * LOW HITPOINT WARNING * * *
You feel very sick. The ufetubus hits you.
* * * LOW HITPOINT WARNING * * *
The ufetubus hits you but does no damage.
There is a stone staircase leading down here.
It was a potion of flight.
You feel very buoyant.
You fly up into the air.
* * * LOW HITPOINT WARNING * * *
You feel sick.
The gnoll hits you with a +1 whip of venom.
* * * LOW HITPOINT WARNING * * *
You are more poisoned.
You emit a cloud of foul miasma!
You block the ufetubus's attack. The ufetubus barely misses you.
Okay, then.
It was a potion of mutation.
You feel extremely strange.
You feel robust.
You feel insulated.
You hear the hiss of a distant avalanche of sand.
You die...

####### #######.....##
............#############
.. .!.#..................#
#.####<#O.##5.#......####.#
#........g.Sg@....##.####.#
.#....g○.###.###.##......#
#.##..#.....###.##.###..#
#..####......>....#..#
.O......$# #..###......#..#
##......... ...#
####......#
...............#
####...##.#
###......#####.#
#.........# ##.....# ..#
#.##...#..####


You could see a water moccasin (poisoned, slow), an ogre, 3 gnolls and an
ufetubus.

Vanquished Creatures
  Grinder (D:3)
  A black bear (D:5)
  A phantom (D:5)
  A water moccasin skeleton (D:5)
  A crimson imp (D:4)
  A jelly (D:4)
  An orc priest (D:3)
  2 hounds (D:4)
  Robin (D:3)
  5 adders
  4 river rats (D:3)
  A white imp (D:4)
  2 worms (D:3)
  A dart slug (D:4)
  15 orcs
  13 endoplasms
  5 giant cockroaches
  15 goblins
  6 hobgoblins
  6 jackals (D:3)
  4 quokkas
  8 ball pythons
  5 bats
  5 frilled lizards
  11 kobolds
  6 rats
122 creatures vanquished.

Notes
Turn   | Place    | Note
-------+----------+-------------------------------------------
     0 | D:1      | crazypyro the Demonspawn Fighter began the quest for the
                  | Orb.
     0 | D:1      | Reached XP level 1. HP: 18/18 MP: 1/1
   161 | D:1      | Found Guamulol's Magic Scroll Shop.
   191 | D:1      | Bought a scroll of identify for 22 gold pieces
   202 | D:1      | Identified a scroll of acquirement
   202 | D:1      | Acquired a +7 quick blade
   233 | D:1      | Gained mutation: Spells you cast may paralyse adjacent
                  | enemies. [demonic ancestry]
   233 | D:1      | Reached XP level 2. HP: 20/24 MP: 2/2
   240 | D:1      | Reached skill level 1 in Short Blades
   251 | D:1      | Found Coimpel's Magic Scroll Boutique.
   251 | D:1      | Found Sest's Antique Weapon Shoppe.
   275 | D:1      | Reached skill level 1 in Dodging
   379 | D:1      | Found a faded altar of an unknown god.
   423 | D:1      | Prayed at the altar of an unknown god.
   423 | D:1      | Became a worshipper of Vehumet
   423 | D:1      | Reached * piety under Vehumet
   423 | D:1      | Offered knowledge of Sandblast by Vehumet.
   474 | D:1      | Found Xato's Magic Scroll Shop.
   495 | D:1      | Found Xudithua's Weapon Shoppe.
   657 | D:1      | Gained mutation: You have a pair of small horns on your
                  | head. [demonic ancestry]
   657 | D:1      | Reached XP level 3. HP: 29/29 MP: 3/3
   977 | D:2      | Reached skill level 2 in Short Blades
   991 | D:2      | Identified the +3 dagger "Bydad" {venom, rPois Str+4}
  1293 | D:2      | Offered knowledge of Freeze by Vehumet.
  1339 | D:2      | Reached ** piety under Vehumet
  1618 | D:3      | Gained mutation: You may rarely emit foul miasma when
                  | damaged in melee. [demonic ancestry]
  1618 | D:3      | Reached XP level 4. HP: 27/35 MP: 5/5
  1740 | D:3      | Reached skill level 1 in Spellcasting
  1930 | D:3      | Identified the +0 helmet "Heiptuk" {rPois Str+2 Int+2}
  1930 | D:3      | Noticed Robin
  1935 | D:3      | Noticed Grinder
  1948 | D:3      | Reached skill level 3 in Short Blades
  1959 | D:3      | Killed Robin
  1980 | D:3      | Killed Grinder
  1981 | D:3      | Reached skill level 4 in Short Blades
  1981 | D:3      | Reached XP level 5. HP: 11/41 MP: 6/8
  1981 | D:3      | Gained mutation: You are partially covered in molten
                  | scales. (AC +2) [demonic ancestry]
  1981 | D:3      | Reached XP level 6. HP: 12/47 MP: 6/9
  2339 | D:3      | Offered knowledge of Ignite Poison by Vehumet.
  2499 | D:3      | Reached *** piety under Vehumet
  2690 | D:4      | Learned a level 3 spell: Stone Arrow
  2769 | D:4      | Found an opulent altar of Gozag.
  2822 | D:4      | Reached skill level 5 in Short Blades
  2870 | D:4      | Offered knowledge of Frozen Ramparts by Vehumet.
  2956 | D:4      | Found a shadowy altar of Dithmenos.
  3001 | D:4      | Gained mutation: You have a pair of horns on your head.
                  | [demonic ancestry]
  3001 | D:4      | Reached XP level 7. HP: 42/52 MP: 11/11
  3118 | D:4      | Found a staircase to the Ecumenical Temple.
  3403 | D:4      | Reached skill level 1 in Conjurations
  3510 | D:5      | Entered Level 5 of the Dungeon
  3533 | D:5      | Reached skill level 1 in Earth Magic
  3724 | D:5      | HP: 2/52 [gnoll (2)]
  3725 | D:5      | Gained mutation: You are robust. (+10% HP) [potion of
                  | mutation]
  3725 | D:5      | Gained mutation: You are resistant to electric shocks.
                  | (rElec) [potion of mutation]
  3725 | D:5      | Succumbed to a gnoll's poison

Illustrated notes

Levels and vault maps discovered:
D:1:      dpeg_cavernosity, layout_rooms, serial_shops, shop, shop, shop, shop,
          shop_scrolls, chequers_ecumenical_altar_island,
          chequers_serial_rivers_micro_b
D:2:      layout_loops_ring, grunt_ministairs_4
D:3:      layout_basic, portal_sewer_entry_e, minmay_starry_boxes, uniq_robin,
          uniq_grinder
D:4:      layout_cave_pools, kennysheep_little_box,
          mainiacjoe_overflow_small_starburst, minmay_temple_entry_antechambers,
          minmay_fire_ice_demons
D:5:      layout_loops_ring, lemuel_doored_altar, marbit_many_paths,
          enter_ossuary_1

Skill      XL: |  1  2  3  4  5  6  7 |
---------------+----------------------+-----
Axes           | 2 |  2.0
Short Blades   | 1 2 4 5 |  5.6
Dodging        | 1 |  1.3
Spellcasting   | 2 3 |  3.5
Conjurations   | 1 |  1.6
Shields        | 3 |  3.2
Earth Magic    | 1 |  1.4
Fighting       | |  3.0
Armour         | |  2.6

Action                   |  1- 3 |  4- 6 |  7- 9 || total
-------------------------+-------+-------+-------++-------
Melee: Quick blade       |    87 |   151 |    55 ||   293
       War axe           |     9 |       |       ||     9
       Headbutt          |     3 |    16 |     9 ||    28
  Use: Scroll            |     2 |       |       ||     2
       Potion            |       |       |     2 ||     2
Armor: Scale mail        |    18 |    43 |    13 ||    74
Dodge: Dodged            |    28 |    33 |    17 ||    78
Block: Buckler           |    13 |    17 |     5 ||    35
